 Dungeon Crawl Stone Soup version 0.30.0-5-g1a98f26d00 (webtiles) character file.

Game seed: 7183583278615876135

14746 EnegeticOcto the Cleaver (level 12, -9/104 HPs)
             Began as a Meteoran Ice Elementalist on May 11, 2023.
             Was a Priest of Cheibriados.
             Mangled by a stone giant (16 damage)
             ... on level 2 of the Orcish Mines.
             The game lasted 00:22:30 (2410 turns).

EnegeticOcto the Cleaver (MeIE)                     Turns: 2410, Time: 00:22:31

Health: -9/104     AC: 13    Str: 19    XL:     12   Next: 83%
Magic:  34/36      EV: 17    Int: 28    God:    Cheibriados [***...]
Gold:   410        SH:  0    Dex: 27    Spells: 20/31 levels left

rFire   . . .        x - +7 war axe (spect)
rCold   . . .        (no shield)
rNeg    . . .        r - +0 steam dragon scales
rPois   .            s - +3 helmet of Daffodils {Regen+ Dex+3}
rElec   .            g - +2 cloak
rCorr   .            h - +0 pair of gloves
SInv    .            (no boots)
Will    +....        B - amulet of regeneration
Stlth   +            F - ring of magical power
HPRegen 1.97/turn    (no ring)
MPRegen 0.25/turn

%: clarity
@: glowing, very slow
A: sense surroundings 2, otherworldly, glowing, explore regen, clarity
a: Renounce Religion, Bend Time, Temporal Distortion


You were on level 2 of the Orcish Mines.
You worshipped Cheibriados.
Cheibriados was most pleased with you.
You visited 3 branches of the dungeon, and saw 15 of its levels.
You also visited: Bailey.

You collected 410 gold pieces.

Inventory:

Hand Weapons
 j - a +0 short sword of electrocution
   (You took it off a kobold on level 4 of the Dungeon)
 m - a +1 heavy arbalest
   (You took it off an orc warrior on level 8 of the Dungeon)
 x - a +7 spectral war axe (weapon)
   (You took it off a wight on level 9 of the Dungeon)
 A - a +3 halberd
   (You found it on level 10 of the Dungeon)
Missiles
 f - 4 curare-tipped darts
 p - 2 throwing nets {!f}
Armour
 a - a +0 robe
 g - a +2 cloak (worn)
   (You took it off Crazy Yiuf on level 7 of the Dungeon)
 h - a +0 pair of gloves (worn)
   (You found it on level 3 of the Dungeon)
 r - +0 steam dragon scales (worn)
   (You found it on level 8 of the Dungeon)
 s - the +3 helmet of Daffodils (worn) {Regen+ Dex+3}
   (You found it on level 9 of the Dungeon)

   Dex:       It affects your dexterity (+3).
   Regen:     It increases your rate of health regeneration.
 u - a +0 buckler
   (You took it off an orc warrior on level 9 of the Dungeon)
 z - a +2 ring mail of fire resistance
   (You took it off an orc on level 10 of the Dungeon)
Jewellery
 B - an amulet of regeneration (around neck)
   (You acquired it in a bailey)
 F - a ring of magical power (left hand)
   (You found it on level 10 of the Dungeon)
Wands
 o - a wand of charming (8)
   (You took it off Pikel on level 8 of the Dungeon)
 y - a wand of flame (13) {@v4}
   (You found it on level 9 of the Dungeon)
 C - a wand of iceblast (7) {@v2}
   (You found it on level 10 of the Dungeon)
Scrolls
 e - a scroll of butterflies
 l - a scroll of enchant armour
 v - a scroll of teleportation {@r3 !r}
 E - a scroll of vulnerability
 G - a scroll of blinking {@r4}
Potions
 b - 3 potions of magic
 c - 4 potions of brilliance
 d - 5 potions of haste {@q4 !q}
 i - 2 potions of heal wounds {@q2 !q}
 k - 4 potions of curing {@q1 !q}
 n - a potion of invisibility
 q - a potion of cancellation
 t - a potion of flight


   Skills:
 + Level 9.1 Fighting
 * Level 13.0 Axes
 - Level 6.0 Dodging
 - Level 1.4 Stealth
 - Level 10.0 Spellcasting
 - Level 4.0 Conjurations
 - Level 4.0 Summonings
 - Level 8.0 Ice Magic
 + Level 8.8 Invocations
 - Level 3.0 Evocations


You had 20 spell levels left.
You knew the following spells:

 Your Spells              Type           Power      Damage    Failure   Level
a - Freeze                Ice            100%       1d10      1%          1
b - Frozen Ramparts       Ice            100%       1d16      1%          3
c - Summon Ice Beast      Ice/Summ       47%        N/A       3%          4
d - Hailstorm             Conj/Ice       47%        3d11      1%          3

Your spell library contained the following spells:

 Spells                   Type           Power      Damage    Failure   Level
 Ozocubu's Armour         Ice            56%        N/A       1%          3


Dungeon Overview and Level Annotations

Branches:
Dungeon (12/15) Zot: 7797  Temple (1/1) D:7 Zot: 868     Orc (2/2) D:10 Zot: 1623
    Elf (0/3) Orc:2        Bailey (visited)
   Lair: D:8-11

Altars:
Ashenzari
Cheibriados
Elyvilon
Fedhas
Gozag
Hepliaklqana
Kikubaaqudgha
Makhleb
Qazlal
Ru
Sif Muna
Trog
Xom

Annotations:
D:3 Grinder
D:8 3 runed translucent doors, choppaz's ghost, journeyman OpTm; flt's ghost, novice GrFi
Orc:1 Maurice


Innate Abilities, Weirdness & Mutations

You passively map the area around you.
You are easily found by Zot.
You glow in the dark.
You regain HP and MP as you explore.
You possess an exceptional clarity of mind.


Message History

The stone giant throws a large rock.
The large rock hits you!!!
Ouch! That really hurt!
The orc warrior barely misses you.
You hear a shout! x4
You see here 22 gold pieces.
You now have 410 gold pieces (gained 22).
The orc warrior hits you with a +0 long sword.
The orc sorcerer mumbles some strange words.
The orc warrior barely misses you.
Casting: Summon Ice Beast (dangerous; 3% risk of failure)
Confirm with . or Enter, or press ? or * to list all spells.
A chill wind blows around you.
The orc sorcerer mumbles some strange words.
The neqoxec gestures at you.
Something tries to feed on your intellect!
The chaos spawn hits you but does no damage.
You hit the orc sorcerer.
The orc sorcerer is lightly wounded.
You closely miss the chaos spawn.
Your +7 spectral war axe hits the orc sorcerer.
Your +7 spectral war axe hits the chaos spawn but does no damage.
Your +7 spectral war axe hits the chaos spawn!
Your +7 spectral war axe closely misses the orc sorcerer.
The orc sorcerer mumbles some strange words.
You slash the orc sorcerer!
The orc sorcerer is severely wounded.
You closely miss the chaos spawn.
Your +7 spectral war axe hits the orc sorcerer.
Your +7 spectral war axe hits the chaos spawn.
Your +7 spectral war axe hits the chaos spawn!
You kill the chaos spawn!
The chaos spawn degenerates into a cloud of primal chaos!
Your +7 spectral war axe hits the orc sorcerer!
You kill the orc sorcerer!
Cheibriados thoroughly appreciates the change of pace.
Your ice beast hits the orc.
Your ice beast freezes the orc!
The orc dies!
Cheibriados appreciates the change of pace.
The stone giant throws a large rock.
The large rock hits you.
The orc warrior hits your +7 spectral war axe with a +0 long sword!!
Your spectral weapon shares its damage with you!
The orc sorcerer casts a spell at you. The bolt of negative energy hits you!
You feel drained.
An orc comes into view. It is wielding a +0 trident.
Your life force feels restored.
Your Axes skill increases to level 13!
Really walk into that cloud of seething chaos?
Okay, then.
Really quaff
i - 3 potions of heal wounds {@q2 !q}?
You feel much better.
Your +7 spectral war axe disappears.
The sixfirhy hits you but does no damage.
The stone giant throws a large rock.
The large rock barely misses your ice beast.
The large rock closely misses you.
A cyclops comes into view.
The sixfirhy misses you. The sixfirhy closely misses you.
The sixfirhy hits you but does no damage.
Your ice beast barely misses the orc warrior.
The stone giant hits your ice beast! The orc warrior closely misses you.
The orc closely misses you. The neqoxec gestures at you.
Something tries to feed on your intellect!
The chaos spawn completely misses you.
Your ice beast barely misses the orc warrior.
The stone giant hits your ice beast!!!
Your ice beast dies!
Your ice beast disappears in a puff of smoke!
The orc sorcerer is engulfed in seething chaos.
The stone giant hits you! The chaos spawn closely misses you.
The stone giant misses you.
You slash the stone giant!
The stone giant is lightly wounded.
You hit the sixfirhy.
You hit the chaos spawn but do no damage.
You barely miss the neqoxec. You slash the orc warrior!
Your +7 spectral war axe hits the stone giant but does no damage.
Your +7 spectral war axe hits the orc warrior.
The sixfirhy hits you. The sixfirhy shocks you! The sixfirhy hits you.
The sixfirhy shocks you! The neqoxec hits you. The sixfirhy closely misses you.
The chaos spawn gores you!
* * * LOW HITPOINT WARNING * * *
The chaos spawn shocks you.
* * * LOW HITPOINT WARNING * * *
You hit the stone giant.
The stone giant is moderately wounded.
You closely miss the chaos spawn. You hit the neqoxec.
You hit the orc warrior but do no damage.
You miss the sixfirhy.
Your +7 spectral war axe hits the stone giant.
The stone giant shouts!
Your +7 spectral war axe hits the orc warrior.
Your +7 spectral war axe hits the stone giant.
The sixfirhy closely misses you. The sixfirhy hits you.
* * * LOW HITPOINT WARNING * * *
The sixfirhy shocks you!
* * * LOW HITPOINT WARNING * * *
The orc warrior barely misses your +7 spectral war axe.
The stone giant hits you!
You die...

, , ......#.....###
*#..#*
..............###...#
.$.............#...## ,,
#...#..............# ,
*#..........#......## , *
#..o......#.......## ,, <
##.................# ,*
##...o3o...........# *
#>...o4@(...#.#....# ,
.........3C.......##.# ,,
...................#.## ,
......#...C....<......##
.......#..........)....#
, ,
..#...##.....####.......#
...... ....... .....#.##
, , .. ........# .....# #
, , ,, ,.... .P.#.##


You could see a stone giant, a cyclops, a sixfirhy (summoned), a neqoxec
(summoned), a chaos spawn (summoned), an orc sorcerer, an orc warrior
(distracted), 2 orcs and a friendly +7 spectral war axe.

Vanquished Creatures
  A two-headed ogre (D:8)
  2 orc knights
  Pikel (D:8)
  An orc sorcerer (Orc:2)
  A gargoyle (D:9)
  2 trolls (Orc:1)
  A wyvern (D:9)
  A wraith (D:10)
  8 yaks
  A vampire (D:10)
  A steam dragon (D:8)
  A warg (Orc:2)
  Edmund (D:4)
  Menkaure (D:4)
  2 water moccasins
  An acid dragon (D:9)
  9 orc warriors
  2 black bears
  3 ogres
  Blork the orc (D:6)
  2 bullfrogs
  3 wights (D:9)
  A scorpion (D:7)
  2 hounds
  9 orc priests
  Crazy Yiuf (D:7)
  Jessica (D:3)
  Terence (D:3)
  A sleepcap (D:8)
  An iguana (D:7)
  16 orc wizards
  16 gnolls
  4 adders
  A white imp (D:7)
  2 dart slugs
  52 orcs
  2 ball pythons
  A bat (D:2)
  A giant cockroach (D:4)
  3 goblins (D:2)
  4 hobgoblins
  2 quokkas
  4 frilled lizards
  7 kobolds
  A rat (D:2)
179 creatures vanquished.

Vanquished Creatures (collateral kills)
  An orc knight (Orc:1)
  A cyclops (D:9)
  A yak (D:10)
  3 orc warriors
  An ogre (Orc:2)
  A kobold brigand (D:8)
  A gnoll sergeant (D:8)
  2 bullfrogs
  An orc priest (D:8)
  An orc wizard (D:9)
  5 orcs
  A kobold (D:8)
19 creatures vanquished.

Vanquished Creatures (others)
  A spectral weapon (Orc:1)
1 creature vanquished.

Grand Total: 199 creatures vanquished

Notes
Turn   | Place    | Note
-------+----------+-------------------------------------------
     0 | D:1      | EnegeticOcto the Meteoran Ice Elementalist began the quest
                  | for the Orb.
     0 | D:1      | Reached XP level 1. HP: 14/14 MP: 5/5
    85 | D:2      | Reached XP level 2. HP: 20/20 MP: 4/6
   177 | D:2      | Reached skill level 3 in Spellcasting
   177 | D:2      | Reached skill level 5 in Ice Magic
   177 | D:2      | Reached XP level 3. HP: 18/26 MP: 1/8
   181 | D:2      | Found a blossoming altar of Fedhas.
   356 | D:2      | Learned a level 3 spell: Frozen Ramparts
   360 | D:2      | Learned a level 3 spell: Hailstorm
   367 | D:3      | Noticed Jessica
   369 | D:3      | Noticed Grinder
   372 | D:3      | Killed Jessica
   373 | D:3      | Reached XP level 4. HP: 33/33 MP: 5/10
   382 | D:3      | Paralysed by Grinder for 3 turns
   400 | D:3      | Noticed Terence
   408 | D:3      | Killed Terence
   409 | D:3      | Reached skill level 4 in Spellcasting
   409 | D:3      | Reached XP level 5. HP: 37/38 MP: 3/12
   463 | D:5      | Entered Level 5 of the Dungeon
   486 | D:4      | Noticed Menkaure
   504 | D:4      | Killed Menkaure
   505 | D:4      | Reached skill level 5 in Spellcasting
   505 | D:4      | Reached skill level 6 in Ice Magic
   505 | D:4      | Reached XP level 6. HP: 14/45 MP: 6/15
   541 | D:4      | Found a stormy altar of Qazlal.
   550 | D:4      | Noticed Edmund
   560 | D:4      | Killed Edmund
   561 | D:4      | Reached skill level 6 in Spellcasting
   561 | D:4      | Reached XP level 7. HP: 12/50 MP: 8/17
   564 | D:4      | Reached skill level 7 in Ice Magic
   613 | D:4      | Learned a level 4 spell: Summon Ice Beast
   634 | D:6      | Noticed Blork the orc
   647 | D:6      | Killed Blork the orc
   648 | D:6      | Reached skill level 1 in Fighting
   648 | D:6      | Reached skill level 1 in Conjurations
   648 | D:6      | Reached skill level 1 in Summonings
   648 | D:6      | Reached XP level 8. HP: 39/59 MP: 14/19
   676 | D:6      | Reached skill level 2 in Summonings
   678 | D:6      | Reached skill level 2 in Fighting
   678 | D:6      | Reached skill level 7 in Spellcasting
   678 | D:6      | Reached skill level 2 in Conjurations
   740 | D:7      | Found a staircase to the Ecumenical Temple.
   758 | D:7      | Reached skill level 3 in Conjurations
   758 | D:7      | Reached skill level 3 in Summonings
   761 | Temple   | Entered the Ecumenical Temple
   772 | Temple   | Became a worshipper of Cheibriados the Contemplative
   815 | D:7      | Found a runed translucent door.
   816 | D:7      | Noticed Crazy Yiuf
   825 | D:7      | Killed Crazy Yiuf
   826 | D:7      | Reached skill level 8 in Ice Magic
   846 | D:7      | Reached skill level 3 in Fighting
   848 | D:7      | Gained mutation: You passively map the area around you.
                  | [Meteoran growth]
   848 | D:7      | Reached XP level 9. HP: 61/69 MP: 8/20
   898 | D:7      | You fall into a shaft and drop 1 floor!
   988 | D:8      | Reached skill level 4 in Fighting
   988 | D:8      | Reached skill level 4 in Conjurations
   988 | D:8      | Reached skill level 4 in Summonings
  1008 | D:8      | Reached skill level 5 in Fighting
  1008 | D:8      | Reached skill level 1 in Invocations
  1010 | D:8      | Reached skill level 3 in Invocations
  1037 | D:8      | Noticed Pikel
  1042 | D:8      | Reached * piety under Cheibriados
  1043 | D:8      | Reached skill level 6 in Fighting
  1047 | D:8      | Killed Pikel
  1048 | D:8      | Reached skill level 5 in Invocations
  1048 | D:8      | Reached XP level 10. HP: 48/84 MP: 10/21
  1049 | D:8      | Reached skill level 7 in Fighting
  1098 | D:8      | Noticed a two-headed ogre
  1108 | D:8      | Killed a two-headed ogre
  1109 | D:8      | Reached skill level 8 in Fighting
  1109 | D:8      | Reached skill level 7 in Invocations
  1109 | D:8      | Reached skill level 1 in Evocations
  1181 | D:8      | Found a runed translucent gate.
  1181 | D:8      | Found a runed translucent gate.
  1181 | D:8      | Found a runed translucent gate.
  1216 | D:8      | Reached skill level 3 in Dodging
  1228 | D:8      | Reached skill level 2 in Evocations
  1243 | D:8      | Noticed choppaz's ghost (journeyman OpTm)
  1243 | D:8      | Noticed flt's ghost (novice GrFi)
  1336 | D:9      | Identified the +3 helmet of Daffodils {Regen+ Dex+3}
  1369 | D:9      | Reached skill level 4 in Dodging
  1370 | D:9      | Reached ** piety under Cheibriados
  1372 | D:9      | Reached skill level 3 in Evocations
  1375 | D:9      | Noticed a gargoyle
  1382 | D:9      | Killed a gargoyle
  1383 | D:9      | Reached skill level 8 in Spellcasting
  1404 | D:9      | Noticed a cyclops
  1419 | D:9      | Killed a cyclops
  1420 | D:9      | Reached skill level 5 in Dodging
  1466 | D:9      | Found a shimmering blue altar of Sif Muna.
  1544 | D:10     | Entered Level 10 of the Dungeon
  1552 | D:10     | Reached XP level 11. HP: 92/94 MP: 20/24
  1556 | D:10     | Reached skill level 6 in Dodging
  1556 | D:10     | Reached skill level 9 in Spellcasting
  1568 | D:10     | Found a staircase to the Orcish Mines.
  1606 | D:10     | Found a flagged portal.
  1617 | Bailey   | Entered a bailey
  1642 | Bailey   | Reached *** piety under Cheibriados
  1697 | Bailey   | Acquired an amulet of regeneration
  1742 | Bailey   | Noticed an orc knight
  1749 | Bailey   | Killed an orc knight
  1750 | Bailey   | Reached skill level 2 in Axes
  1781 | Bailey   | Reached skill level 11 in Axes
  1781 | Bailey   | Reached XP level 12. HP: 102/102 MP: 20/26
  1849 | D:10     | Reached skill level 12 in Axes
  2259 | Orc:1    | Entered Level 1 of the Orcish Mines
  2259 | Orc:1    | Noticed an orc knight
  2265 | Orc:1    | Reached **** piety under Cheibriados
  2271 | Orc:1    | Killed an orc knight
  2272 | Orc:1    | Reached skill level 8 in Invocations
  2273 | Orc:1    | Noticed an orc knight
  2290 | Orc:1    | Gained mutation: You are occasionally teleported next to
                  | monsters. [potion of mutation]
  2306 | Orc:1    | Killed an orc knight
  2334 | Orc:1    | Reached skill level 10 in Spellcasting
  2342 | Orc:1    | Noticed Maurice
  2342 | Orc:1    | Noticed an orc knight
  2346 | Orc:1    | Noticed an orc knight
  2349 | Orc:1    | Reached skill level 9 in Fighting
  2367 | Orc:1    | Lost mutation: You are occasionally teleported next to
                  | monsters. [potion of mutation]
  2367 | Orc:1    | Gained mutation: You possess an exceptional clarity of
                  | mind. [potion of mutation]
  2379 | Orc:2    | Entered Level 2 of the Orcish Mines
  2395 | Orc:2    | Found a staircase to the Elven Halls.
  2400 | Orc:2    | Noticed a stone giant
  2404 | Orc:2    | Noticed a sixfirhy
  2406 | Orc:2    | Reached skill level 13 in Axes
  2410 | Orc:2    | Mangled by a stone giant

Illustrated notes

Levels and vault maps discovered:
D:1:      minmay_arrival_nine_rooms, layout_basic,
          shapermc_ecumenical_altar_flowoftime, hangedman_glass_teeth,
          minmay_box_of_dots
D:2:      layout_loops_ring, basic_altar, serial_shops, shop, grunt_ministairs_7
D:3:      layout_rooms, serial_shops, nicolae_shop_peninsula, uniq_jessica,
          uniq_grinder, uniq_terence
D:4:      layout_basic, mainiacjoe_overflow_small_starburst, uniq_menkaure,
          uniq_edmund
D:5:      layout_loops_ring, zin_purify, water_boxes_lemuel
D:6:      layout_loops_ring, mainiacjoe_overflow_surrounded_room, uniq_duvessa,
          uniq_blork_the_orc, uniq_maggie
D:7:      layout_layer_cave, nicolae_overflow_hidden_temple,
          minmay_temple_entry_ruins, uniq_crazy_yiuf_cottage,
          uniq_prince_ribbit1
D:8:      layout_basic, minitemple, erik_lair_dragon, gammafunk_ghost_cemetery,
          nicolae_shop_overcharged_wands, uniq_pikel
D:9:      layout_rooms, mainiacjoe_overflow_paths
D:10:     layout_irregular_city, minmay_orc_entry_temple_small, enter_bailey_2,
          grunt_tough_drop
D:11:     layout_loops_ring
D:12:     layout_loops_ring, grunt_gozag_statues
Temple:   cyrus_circular_temple
Orc:1:    dreamdust_dug_too_deep, layout_caves, uniq_maurice
Orc:2:    grunt_orc_gardens, layout_caves, grunt_orc_garden, grunt_orc_garden,
          grunt_orc_garden, grunt_orc_garden, nicolae_volcano_entry_two_sided

Skill      XL: |  1  2  3  4  5  6  7  8  9 10 11 12 |
---------------+-------------------------------------+-----
Spellcasting   | 3 4 5 6 7 8 9 10 | 10.0
Ice Magic      | 5 6 7 8 |  8.0
Fighting       | 1 3 6 8 9 |  9.1
Conjurations   | 1 3 4 |  4.0
Summonings     | 1 3 4 |  4.0
Invocations    | 5 7 8 |  8.8
Evocations     | 3 |  3.0
Dodging        | 5 6 |  6.0
Axes           | 11 13 | 13.0
Stealth        | |  1.4

Action                     |  1- 3 |  4- 6 |  7- 9 | 10-12 || total
---------------------------+-------+-------+-------+-------++-------
  Melee: Unarmed           |     5 |     2 |       |       ||     7
         Short sword       |       |     3 |    17 |    12 ||    32
         War axe           |       |       |       |   101 ||   101
         Punch             |       |       |       |     1 ||     1
   Fire: Arbalest          |       |       |     4 |    19 ||    23
   Cast: Freeze            |    24 |    18 |    21 |    17 ||    80
         Frozen Ramparts   |     1 |     5 |    14 |    12 ||    32
         Summon Ice Beast  |       |       |     6 |    19 ||    25
         Hailstorm         |       |       |     2 |    12 ||    14
 Invoke: Slouch            |       |       |       |     2 ||     2
         Temporal Distorti |       |       |       |     1 ||     1
  Evoke: Wand              |       |       |       |     2 ||     2
    Use: Scroll            |       |       |     2 |    14 ||    16
         Potion            |       |       |       |    13 ||    13
   Stab: Distracted        |       |       |       |     3 ||     3
         Sleeping          |       |       |       |     1 ||     1
 Armour: Robe              |     7 |     7 |    14 |     3 ||    31
         Steam dragon scal |       |       |       |    44 ||    44
         Skin              |       |       |       |     2 ||     2
  Dodge: Dodged            |     9 |     9 |    23 |   158 ||   199
